[Event "Team 45 45 League T94"]
[Site "Internet Chess Club"]
[Date "2022.11.04"]
[Round "4"]
[White "fhunfi"]
[Black "elmaestro"]
[Result "1/2-1/2"]
[WhiteElo "1654"]
[BlackElo "1658"]
[Opening "Petrov: Nimzovich attack"]
[ECO "C42"]
[Time "21:00:17"]
[PlyCount "103"]
[TimeControl "2700+45"]

1. e4 e5 2. Nf3 Nf6 3. Nxe5 d6 4. Nf3 Nxe4 5. Nc3 d5 6. Qe2 Be7 7. Nxe4 dxe4 8.
Qxe4 O-O 9. Bd3 g6 10. O-O Nc6 11. Re1 Bf5 12. Qe2 Bxd3 13. Qxd3 Qxd3 14. cxd3
Bf6 15. a3 Rad8 16. d4 Nxd4 17. Nxd4 Rxd4 18. Re2 Rfd8 19. g3 Kf8 20. d3 Rxd3
21. Bh6+ Bg7 22. Bxg7+ Kxg7 23. Rae1 Kf8 24. Kg2 Rd2 25. h3 c5 26. h4 h5 27. Kf1
b5 28. Kg2 c4 29. Kf1 a5 30. Kg2 b4 31. axb4 axb4 32. Kf3 R8d3+ 33. Kg2 Rd8 34.
Kf3 R2d3+ 35. Kg2 Rd2 36. Kf3 Rxe2 37. Rxe2 c3 38. bxc3 bxc3 39. Rc2 Rc8 40. Ke3
Ke7 41. Kd3 Ke6 42. Rxc3 Rxc3+ 43. Kxc3 Ke5 44. Kd3 Kd5 45. Ke3 Ke5 46. f3 f5
47. f4+ Kd5 48. Kd3 Kc5 49. Kc3 Kd5 50. Kd3 Kc5 51. Kc3 Kd5 52. Kd3 {Game drawn
by repetition} 1/2-1/2

[Event "Team 45 45 League T94"]
[Site "Internet Chess Club"]
[Date "2022.11.03"]
[Round "4"]
[White "burlap"]
[Black "fireball"]
[Result "0-1"]
[WhiteElo "1295"]
[BlackElo "1592"]
[Opening "Dutch"]
[ECO "A80"]
[Time "11:02:34"]
[PlyCount "50"]
[TimeControl "2700+45"]

1. d4 f5 2. Bf4 e6 3. e3 Nf6 4. h3 Nc6 5. Nd2 Be7 6. Ngf3 d6 7. Bd3 O-O 8. O-O
a6 9. c3 Qe8 10. Re1 h6 11. e4 g5 12. Bh2 f4 13. e5 dxe5 14. dxe5 Nh7 15. Bxh7+
Kxh7 16. Qc2+ Qg6 17. Qxg6+ Kxg6 18. Ne4 b5 19. Rad1 Bb7 20. Rd7 Rac8 21. Nd4
Nxd4 22. Rxd4 Rfd8 23. Rxd8 Rxd8 24. b4 Bxe4 25. Rxe4 Rd1+ {White resigns} 0-1

[Event "Team 45 45 League T94"]
[Site "Internet Chess Club"]
[Date "2022.11.05"]
[Round "4"]
[White "vollmerj"]
[Black "jcule"]
[Result "1-0"]
[WhiteElo "1476"]
[BlackElo "1362"]
[Opening "Réti: King's Indian attack (Barcza system)"]
[ECO "A07"]
[Time "10:00:59"]
[PlyCount "25"]
[TimeControl "2700+45"]

1. Nf3 d5 2. g3 Nf6 3. Bg2 c6 4. d3 e5 5. Nc3 Nbd7 6. O-O Bd6 7. e4 O-O 8. exd5
cxd5 9. Bg5 b6 10. Nxd5 Bb7 11. Nxf6+ Nxf6 12. Nd2 Be7 13. Bxb7 {Black resigns}
1-0

[Event "Team 45 45 League T94"]
[Site "Internet Chess Club"]
[Date "2022.11.07"]
[Round "4"]
[White "Fulmar"]
[Black "smsxman"]
[Result "0-1"]
[WhiteElo "1292"]
[BlackElo "1393"]
[Opening "Scandinavian (center counter) defense"]
[ECO "B01"]
[Time "18:30:47"]
[PlyCount "98"]
[TimeControl "2700+45"]

1. e4 d5 2. exd5 Qxd5 3. Nc3 Qd8 4. Bc4 e6 5. Nf3 Nf6 6. d3 c5 7. O-O Nc6 8. h3
Be7 9. Bf4 Bd7 10. Re1 O-O 11. a3 a6 12. Ne2 b5 13. Ba2 Na5 14. Qd2 Bc6 15. Ne5
Bb7 16. Bh2 Rc8 17. Rad1 c4 18. Ng3 Bd5 19. Bb1 Nc6 20. Nxc6 Rxc6 21. c3 Rc8 22.
d4 Bd6 23. Qe2 Re8 24. Bc2 g6 25. Qd2 Qc7 26. Qg5 Be7 27. Qh6 Bf8 28. Qg5 Bg7
29. Nh5 Qd8 30. Nxf6+ Qxf6 31. Qxf6 Bxf6 32. Be4 Bxe4 33. Rxe4 Bg7 34. Rde1 Rc6
35. f4 f5 36. R4e3 Kf7 37. Bg3 a5 38. Bh4 Rcc8 39. Kf2 b4 40. Kf3 bxa3 41. bxa3
a4 42. Rb1 Ra8 43. Rb7+ Kg8 44. Re1 Ra6 45. d5 Bxc3 46. dxe6 Bxe1 47. e7 Bxh4
48. Rb8 Kf7 49. Rxe8 Kxe8 {White resigns} 0-1

[Event "Team 45 45 League T94"]
[Site "Internet Chess Club"]
[Date "2022.11.06"]
[Round "4"]
[White "kabindra"]
[Black "rubo"]
[Result "1-0"]
[WhiteElo "1640"]
[BlackElo "1465"]
[Opening "Caro-Kann: advance variation"]
[ECO "B12"]
[Time "17:30:20"]
[PlyCount "47"]
[TimeControl "2700+45"]

1. e4 c6 2. d4 d5 3. e5 Bf5 4. Ne2 e6 5. Ng3 Bg6 6. h4 h6 7. h5 Bh7 8. Bd3 Bxd3
9. cxd3 c5 10. dxc5 Bxc5 11. d4 Bb4+ 12. Nc3 Nc6 13. O-O Qh4 14. Nb5 O-O-O 15.
a3 Be7 16. Qc2 Kb8 17. Be3 a6 18. Nd6 Rxd6 19. exd6 Bxd6 20. Qd2 Nf6 21. b4 Ng4
22. Rfc1 Bxg3 23. fxg3 Qxg3 24. Bf4+ {Black resigns} 1-0

[Event "Team 45 45 League T94"]
[Site "Internet Chess Club"]
[Date "2022.11.06"]
[Round "4"]
[White "nosir"]
[Black "isolani"]
[Result "0-1"]
[WhiteElo "1370"]
[BlackElo "1272"]
[Opening "Old Benoni defense"]
[ECO "A43"]
[Time "09:00:18"]
[PlyCount "78"]
[TimeControl "2700+45"]

1. d4 c5 2. d5 Nf6 3. Bf4 d6 4. e3 g6 5. Be2 Bg7 6. Nf3 O-O 7. h3 Qb6 8. Nbd2
Nxd5 9. Nc4 Qb4+ 10. Kf1 Nxf4 11. exf4 Be6 12. c3 Bxc3 13. a3 Qxc4 14. Bxc4
Bxc4+ 15. Kg1 Bf6 16. Qc2 Bd5 17. Nd2 Nc6 18. Rb1 Nd4 19. Qd3 b5 20. b3 Rfc8 21.
Rc1 a5 22. Kh2 a4 23. b4 c4 24. Qe3 Nf5 25. Qe1 Bb2 26. Nb1 Bxc1 27. Qxc1 Be6
28. Nc3 Bd7 29. Nd5 Rab8 30. g4 Bc6 31. Rg1 Bxd5 32. gxf5 Be4 33. fxg6 hxg6 34.
h4 c3 35. h5 Kg7 36. Qe3 Rc4 37. Qg3 Rh8 38. Qh4 c2 39. Rc1 Rxh5 {White resigns}
0-1

[Event "Team 45 45 League T94"]
[Site "Internet Chess Club"]
[Date "2022.11.04"]
[Round "4"]
[White "NATYNL09"]
[Black "g8wrb"]
[Result "0-1"]
[WhiteElo "1079"]
[BlackElo "1284"]
[Opening "French defense"]
[ECO "C00"]
[Time "16:01:33"]
[PlyCount "62"]
[TimeControl "2700+45"]

1. e4 e6 2. Nf3 d5 3. exd5 exd5 4. d4 Bg4 5. h3 Bh5 6. Bd3 Nf6 7. Nc3 Be7 8. Bf4
O-O 9. Qd2 Re8 10. O-O-O Nc6 11. g4 Bg6 12. Bxg6 fxg6 13. Rdg1 Bb4 14. Kb1 Ne4
15. Qd3 Nxf2 16. Qd2 Nxh1 17. Rxh1 Qd7 18. a3 Ba5 19. Ne5 Nxe5 20. Bxe5 c6 21.
Ka2 Bc7 22. Bxc7 Qxc7 23. h4 Qg3 24. g5 Re6 25. Rh2 Rae8 26. h5 Qe3 27. Qxe3
Rxe3 28. hxg6 hxg6 29. Kb3 Rg3 30. Kb4 Rxg5 31. a4 Rg4 {Black declared winner by
adjudication} 0-1

[Event "Team 45 45 League T94"]
[Site "Internet Chess Club"]
[Date "2022.11.07"]
[Round "4"]
[White "Electryon"]
[Black "burlap"]
[Result "1-0"]
[WhiteElo "1472"]
[BlackElo "1207"]
[Opening "English: Mikenas-Carls, Flohr variation"]
[ECO "A18"]
[Time "21:00:14"]
[PlyCount "153"]
[TimeControl "2700+45"]

1. c4 Nf6 2. Nc3 e6 3. e4 d5 4. e5 d4 5. exf6 dxc3 6. bxc3 Qxf6 7. d4 Nd7 8. Nf3
h6 9. Be2 e5 10. Be3 Bd6 11. c5 Be7 12. Qc2 O-O 13. O-O Re8 14. Rab1 b6 15. Qe4
Rb8 16. dxe5 Qg6 17. Qxg6 fxg6 18. cxb6 axb6 19. Bc4+ Kh7 20. Bb5 Rf8 21. Rfd1
Nc5 22. a4 Ba6 23. Bxc5 Bxc5 24. Bxa6 Ra8 25. Bb5 Be7 26. Rd7 Bd8 27. e6 Bf6 28.
c4 Rfd8 29. Rbd1 Rxd7 30. Rxd7 Rd8 31. Rxd8 Bxd8 32. Kf1 c5 33. Ke2 Kg8 34. Kd3
Kf8 35. Ke4 Bc7 36. Kd5 Ke7 37. h3 g5 38. Ne5 Kf6 39. Nd7+ Ke7 40. Ne5 Kf6 41.
Ng4+ Ke7 42. Bd7 h5 43. Ne3 Kf6 44. Kc6 Bd8 45. Nd5+ Ke5 46. e7 Bxe7 47. Nxe7
Kf6 48. Nc8 Kf7 49. Nxb6 Ke7 50. Kxc5 Kd8 51. Kd6 g4 52. hxg4 g5 53. gxh5 g4 54.
Bxg4 Ke8 55. Ke6 Kd8 56. Nd5 Ke8 57. Kf6 Kd8 58. Bf5 Ke8 59. Nb6 Kf8 60. Nd7+
Kg8 61. Ne5 Kh8 62. Nf7+ Kg8 63. Bg6 Kf8 64. Bh7 Ke8 65. Ne5 Kf8 66. Nd7+ Ke8
67. Ke6 Kd8 68. Kd6 Ke8 69. Bg6+ Kd8 70. Nc5 Kc8 71. Bf7 Kb8 72. Kc6 Kc8 73. Nb7
Kb8 74. Kb6 Kc8 75. Be6+ Kb8 76. Nc5 Ka8 77. Bd7 {Black resigns} 1-0

[Event "Team 45 45 League T94"]
[Site "Internet Chess Club"]
[Date "2022.11.08"]
[Round "4"]
[White "jjmolina1"]
[Black "BlueStorm"]
[Result "1/2-1/2"]
[WhiteElo "1457"]
[BlackElo "1562"]
[Opening "Pirc defense"]
[ECO "B07"]
[Time "13:00:24"]
[PlyCount "71"]
[TimeControl "2700+45"]

1. e4 d6 2. d4 Nf6 3. Nc3 g6 4. f3 c6 5. g4 e5 6. dxe5 dxe5 7. Qxd8+ Kxd8 8. Bg5
Nd7 9. O-O-O Kc7 10. Bc4 h6 11. Bxf6 Nxf6 12. Bxf7 g5 13. h4 Bc5 14. hxg5 Be3+
15. Kb1 Bxg5 16. Nh3 Bd7 17. Nxg5 hxg5 18. a3 b5 19. Ne2 Raf8 20. Bg6 a5 21. Ng3
Be8 22. Bxe8 Rxe8 23. Kc1 Nd7 24. Kd2 Nc5 25. Ke3 Ne6 26. Rxh8 Rxh8 27. Rh1 Rxh1
28. Nxh1 c5 29. c3 b4 30. Nf2 bxa3 31. bxa3 Kc6 32. Nd3 Kd6 33. a4 c4 34. Nb2
Kc5 35. Nd1 Nf4 36. Nb2 {Game drawn by mutual agreement} 1/2-1/2

[Event "Team 45 45 League T94"]
[Site "Internet Chess Club"]
[Date "2022.11.06"]
[Round "4"]
[White "BrerRabbit"]
[Black "Constrictor"]
[Result "1/2-1/2"]
[WhiteElo "1324"]
[BlackElo "1405"]
[Opening "Queen's pawn"]
[ECO "A40"]
[Time "19:02:57"]
[PlyCount "48"]
[TimeControl "2700+45"]

1. d4 c6 2. Nf3 d5 3. g3 Nf6 4. Bg2 Bg4 5. c4 e6 6. h3 Bh5 7. O-O Bd6 8. cxd5
exd5 9. Qb3 Qc7 10. Qe3+ Qe7 11. Nc3 O-O 12. Qxe7 Bxe7 13. Bf4 Re8 14. Nh4 Bb4
15. g4 Bg6 16. Nxg6 hxg6 17. e3 Nbd7 18. Rac1 Rac8 19. a3 Ba5 20. Rc2 Bxc3 21.
Rxc3 Nb6 22. b3 Ne4 23. Rc2 g5 24. Bh2 Re7 {Game drawn by mutual agreement}
1/2-1/2

[Event "Team 45 45 League T94"]
[Site "Internet Chess Club"]
[Date "2022.11.07"]
[Round "4"]
[White "oldbookseller"]
[Black "stantheman59"]
[Result "0-1"]
[WhiteElo "895"]
[BlackElo "1137"]
[Opening "Queen's pawn game"]
[ECO "D04"]
[Time "12:30:25"]
[PlyCount "38"]
[TimeControl "2700+45"]

1. d4 d5 2. Nf3 Nf6 3. e3 Bg4 4. Nbd2 Nc6 5. Bd3 e5 6. O-O e4 7. Nxe4 dxe4 8.
Be2 exf3 9. Bxf3 Bxf3 10. Qxf3 Qd5 11. Qg3 O-O-O 12. Re1 Bd6 13. Qh3+ Kb8 14. b3
Qh5 15. Qxh5 Nxh5 16. e4 Bb4 17. Re2 Nxd4 18. Re3 Nxc2 19. Rb1 Rd1+ {White
resigns} 0-1

[Event "Team 45 45 League T94"]
[Site "Internet Chess Club"]
[Date "2022.11.04"]
[Round "4"]
[White "smsxman"]
[Black "Denis240964"]
[Result "0-1"]
[WhiteElo "1344"]
[BlackElo "1427"]
[Opening "Four knights: Spanish variation"]
[ECO "C48"]
[Time "09:30:13"]
[PlyCount "134"]
[TimeControl "2700+45"]

1. e4 e5 2. Nf3 Nc6 3. Nc3 Nf6 4. Bb5 d6 5. d3 Bd7 6. Bc4 Be7 7. O-O O-O 8. d4
Bg4 9. Be2 Bxf3 10. Bxf3 Nxd4 11. Be3 Nxf3+ 12. Qxf3 c6 13. Rad1 Qc7 14. a3 b6
15. Bg5 Ne8 16. Bxe7 Qxe7 17. b4 Rd8 18. b5 cxb5 19. Nxb5 a6 20. Nc3 Qe6 21. Nd5
b5 22. Qc3 Nf6 23. f3 Rc8 24. Qa5 Nxd5 25. Rxd5 Rc6 26. c3 Rfc8 27. Rc1 Qd7 28.
Rcd1 Qe7 29. Qb4 Rd8 30. Qa5 Rd7 31. a4 Rdc7 32. axb5 axb5 33. Qxb5 Rxc3 34.
Rxd6 h6 35. h3 Rc2 36. Qb4 Qg5 37. R6d2 Qe3+ 38. Kh1 Kh7 39. Rd3 Qe2 40. R3d2
Rxd2 41. Qxd2 Rc2 42. Qxe2 Rxe2 43. Kg1 Kg6 44. Kf1 Rb2 45. Kg1 Kg5 46. g3 f5
47. Re1 h5 48. exf5 Kxf5 49. g4+ hxg4 50. fxg4+ Kf4 51. Kf1 Rh2 52. Kg1 Rxh3 53.
Rf1+ Rf3 54. Re1 e4 55. Kg2 Rg3+ 56. Kh2 Rxg4 57. Kh3 Rg3+ 58. Kh2 Rf3 59. Kg2
g5 60. Re2 g4 61. Rd2 Ke3 62. Rc2 Kd3 63. Ra2 e3 64. Rb2 e2 65. Rb3+ Kc2 66.
Rxf3 gxf3+ 67. Kxf3 Kd2 {White resigns} 0-1

[Event "Team 45 45 League T94"]
[Site "Internet Chess Club"]
[Date "2022.11.04"]
[Round "4"]
[White "bardu"]
[Black "Visin"]
[Result "0-1"]
[WhiteElo "1202"]
[BlackElo "1309"]
[Opening "QGD Slav: 4.Nc3"]
[ECO "D15"]
[Time "08:30:41"]
[PlyCount "112"]
[TimeControl "2700+45"]

1. d4 d5 2. c4 c6 3. Nf3 Nf6 4. Nc3 Bg4 5. Ne5 e6 6. h3 Bh5 7. g4 Bg6 8. h4 h6
9. Nxg6 fxg6 10. g5 Nfd7 11. Bh3 Qe7 12. Bf4 Na6 13. a3 dxc4 14. Qd2 O-O-O 15.
Qe3 Re8 16. O-O Nb6 17. Rfd1 Nd5 18. Nxd5 cxd5 19. b3 Qd7 20. bxc4 Bd6 21. Bxd6
Qxd6 22. cxd5 Qxd5 23. Bg2 Qd7 24. Rdc1+ Kb8 25. Qe5+ Ka8 26. Rab1 Rb8 27. Rc2
Rhc8 28. Rxc8 Qxc8 29. Qxg7 hxg5 30. Rxb7 Rxb7 31. Bxb7+ Qxb7 32. Qxb7+ Kxb7 33.
hxg5 Nc7 34. Kg2 Kc8 35. Kf3 Kd7 36. Ke4 Ke7 37. Ke5 a5 38. f4 a4 39. e4 Nb5 40.
f5 exf5 41. exf5 gxf5 42. Kxf5 Kf7 43. g6+ Kg7 44. d5 Nd6+ 45. Ke6 Nb7 46. d6
Kxg6 47. d7 Kg5 48. Ke7 Kf5 49. d8=Q Nxd8 50. Kxd8 Ke5 51. Kc7 Kd5 52. Kb6 Kc4
53. Ka5 Kb3 54. Kb5 Kxa3 55. Kc4 Kb2 56. Kb4 a3 {White resigns} 0-1

[Event "Team 45 45 League T94"]
[Site "Internet Chess Club"]
[Date "2022.11.07"]
[Round "4"]
[White "Knightburgler"]
[Black "tamky70"]
[Result "0-1"]
[WhiteElo "1110"]
[BlackElo "1229"]
[Opening "Queen's pawn"]
[ECO "A40"]
[Time "10:00:33"]
[PlyCount "54"]
[TimeControl "2700+45"]

1. d4 e6 2. Bf4 Be7 3. Nf3 d6 4. Nc3 Nf6 5. e3 Nbd7 6. d5 e5 7. Bg5 a6 8. Be2
Nc5 9. Nd2 Nfd7 10. Bxe7 Qxe7 11. Nde4 O-O 12. O-O f5 13. Ng3 Nf6 14. Bf3 Bd7
15. Re1 Nce4 16. Nxf5 Bxf5 17. Nb5 axb5 18. h3 Qd7 19. g4 Bg6 20. h4 Nc5 21. b4
e4 22. h5 exf3 23. hxg6 h6 24. Qxf3 Qxg4+ 25. Qxg4 Nxg4 26. f3 Rxf3 27. bxc5
dxc5 {White resigns} 0-1